AoeStats
← [Marty]TheEY

African Clearing

510573530Analyzed
4v4 RM · 1d ago on Oct 1, 2026· 33m 35s· 8 players
Game mode
Random Map
Map size
Large (8 player)
Population
200
Speed
Normal
Resources
Standard
Victory
Conquest
Starting age
Dark Age
Ending age
Imperial Age
RankedLock teamsTeams togetherTeam positionsShared explorationLock speedFull tech treeHidden civsTurbo modeCheats
Victory
Defeat
🇭🇰 Varangians · Hong Kong SAR China
1715
+14
🇭🇰 Tupi · Hong Kong SAR China
1646
+17
🇭🇰 Saxons · Hong Kong SAR China
1606
+19
🇭🇰 Vietnamese · Hong Kong SAR China
1598
+19
🇬🇪 Saxons · Georgia
1675
-18
🇬🇪 Turks · Georgia
1665
-17
🇬🇪 Persians · Georgia
1665
-17
🇩🇪 Mongols · Germany
1656
-17
Sakmelo
12:39 Feudal Age
16:24 Castle Age
14:36 Double-Bit Axe
15:38 Gold Mining
15:39 Fletching
16:06 Loom
17:36 Bow Saw
17:26 Bodkin Arrow
20:23 Ballistics
33:37 Imperial Age
32:36 Bow Saw
32:07 Horse Collar
[Marty]TheEY
11:05 Feudal Age
12:00 Double-Bit Axe
14:25 Fletching
15:43 Loom
23:51 Castle Age
22:48 Gold Mining
22:46 Horse Collar
24:32 Bodkin Arrow
23:58 Crossbowman
25:00 Bow Saw
27:06 Ballistics
28:44 Wheelbarrow
28:52 Padded Archer Armor
30:14 Husbandry
30:56 Horse Collar
33:17 Bloodlines
happy伯
11:26 Loom
13:38 Feudal Age
17:24 Castle Age
16:09 Double-Bit Axe
18:31 Bow Saw
18:46 Fletching
19:35 Bodkin Arrow
25:13 Horse Collar
25:29 Town Watch
25:49 Fishing Lines
27:25 Padded Archer Armor
28:38 Wheelbarrow
28:08 Gillnets
30:50 Bloodlines
30:41 Husbandry
34:57 Imperial Age
33:46 Hand Cart
_luN
11:17 Feudal Age
11:48 Double-Bit Axe
14:49 Loom
15:43 Bloodlines
17:23 Scale Barding Armor
21:00 Castle Age
19:24 Horse Collar
20:11 Forging
22:28 Husbandry
22:28 Light Cavalry
33:35 Wheelbarrow
LM | Scogx
5:01 Loom
12:57 Feudal Age
14:53 Double-Bit Axe
17:14 Castle Age
15:14 Horse Collar
18:23 Bow Saw
18:38 Town Watch
20:06 Wheelbarrow
19:57 Heavy Plow
32:50 Hand Cart
[TMG] Lucipher
10:35 Loom
12:59 Feudal Age
17:30 Castle Age
15:19 Double-Bit Axe
18:31 Bow Saw
28:17 Padded Archer Armor
[TMG] sandriko
13:29 Feudal Age
13:59 Loom
16:30 Double-Bit Axe
19:07 Castle Age
17:52 Double-Bit Axe
19:12 Scale Mail Armor
[TMG] zv
4:35 Loom
15:49 Feudal Age
22:17 Castle Age
20:28 Double-Bit Axe
21:23 Horse Collar
23:05 Bow Saw
23:04 Heavy Plow
27:03 Fletching
29:41 Bodkin Arrow
32:49 Ballistics
33:23 Parthian Tactics
33:03 Padded Archer Armor
33:47 Bloodlines
Connection lost

Rejoining the realm…

Still unreachable

The connection could not be restored.

Session expired

The server has moved on; the page needs a fresh start.